[Event "Titled Tuesday Blitz May 18 2021"]
[White "Sarana, Alexey"]
[Black "Alekseenko, Kirill"]
[WhiteFideId "24133795"]
[BlackFideId "4135539"]
[WhiteElo "2629"]
[BlackElo "2580"]
[Result "0-1"]
[Round "10"]
[TimeControl "180+1"]
[Date "2021.05.18"]
[WhiteClock "0:00:02"]
[BlackClock "0:00:12"]

1. d4 d5 2. c4 dxc4 3. e3 e5 4. Bxc4 Nc6 5. Nf3 e4 6. Nfd2 Qg5 7. Nxe4 Qxg2 8. Ng3 Nf6 9. Bf1 Qd5 10. Nc3 Qd8 11. Bc4 Be7 12. Rg1 O-O 13. Bd2 Be6 14. Bxe6 fxe6 15. Qb3 Nd5 16. Nge4 Qd7 17. Nxd5 exd5 18. Nc3 Rad8 19. f4 Bh4+ 20. Kd1 Kh8 21. Qb5 h6 22. a3 a6 23. Qd3 Ne7 24. Kc2 Nf5 25. Rad1 c6 26. Kb1 Nd6 27. Rg6 Qf5 28. Qxf5 Nxf5 29. Rf1 Rfe8 30. Rf3 Rd7 31. Rg1 Rde7 32. Nd1 b6 33. b4 Re6 34. Rh3 Bf6 35. Kc2 Nd6 36. Nb2 Ne4 37. Nd3 Rc8 38. f5 Ree8 39. Nf4 c5 40. dxc5 bxc5 41. bxc5 Rxc5+ 42. Kd3 Nf2+ 43. Ke2 Nxh3 44. Nxh3 d4 45. Nf4 dxe3 46. Bxe3 Rc3 47. Ne6 Rxa3 48. Rg6 Ra2+ 49. Kf3 Rxh2 50. Bf4 Rh3+ 51. Kg4 Rh4+ 52. Kg3 Rh1 53. Kf3 a5 54. Bd6 Re1 55. Bf4 R1xe6 56. fxe6 Rxe6 57. Rg2 a4 58. Ra2 Ra6 59. Bc1 Kh7 60. Ba3 g5 61. Rc2 Kg6 62. Rc4 h5 63. Kg2 g4 64. Kg3 Be5+ 65. Kh4 Rb6 66. Rxa4 Rb3 67. Ra6+ Bf6+ 68. Rxf6+ Kxf6 69. Bd6 Rh3# 0-1


[Site "https://www.chess.com"]

[Event "Titled Tuesday Blitz May 18 2021"]
[White "Shimanov, Aleksandr"]
[Black "Zubov, Alexander"]
[WhiteFideId "4198603"]
[BlackFideId "14109409"]
[WhiteElo "2596"]
[BlackElo "2740"]
[Result "1-0"]
[Round "10"]
[TimeControl "180+1"]
[Date "2021.05.18"]
[WhiteClock "0:00:13"]
[BlackClock "0:00:02"]

1. e4 c5 2. Nf3 e6 3. d3 Nc6 4. g3 d5 5. Nbd2 Nf6 6. Bg2 Be7 7. O-O O-O 8. Re1 b5 9. e5 Ne8 10. Nf1 Nc7 11. h4 b4 12. Bf4 Nb5 13. h5 Ncd4 14. N1h2 a5 15. h6 g6 16. Qd2 a4 17. Nxd4 Nxd4 18. c3 bxc3 19. bxc3 Nf5 20. Ng4 Ba6 21. Rab1 Ra7 22. Qc2 a3 23. Bf1 Kh8 24. Qc1 Bb7 25. Bg2 Ba8 26. Rd1 g5 27. Bd2 Rg8 28. Rb5 d4 29. c4 Bxg2 30. Kxg2 Qa8+ 31. f3 Rb7 32. Qc2 Rxb5 33. cxb5 Qd5 34. Qc4 Rb8 35. Rb1 Kg8 36. Rb3 Qxc4 37. dxc4 Ra8 38. Bc1 Rd8 39. Rxa3 d3 40. Bd2 Kf8 41. Rb3 Ra8 42. b6 Bd8 43. b7 Rb8 44. a4 Nd4 45. Rb1 Nc6 46. Rb5 Ke7 47. a5 Bxa5 48. Bxa5 Nxa5 49. Rxa5 Rxb7 50. Ra2 Rb4 51. Rd2 Rxc4 52. Rxd3 1-0


[Site "https://www.chess.com"]

[Event "Titled Tuesday Blitz May 18 2021"]
[White "Starozhilov, Leonid"]
[Black "Khusnutdinov, Rustam"]
[WhiteFideId "14106752"]
[BlackFideId "13701703"]
[WhiteElo "2411"]
[BlackElo "2571"]
[Result "0-1"]
[Round "10"]
[TimeControl "180+1"]
[Date "2021.05.18"]
[WhiteClock "0:00:01"]
[BlackClock "0:00:26"]

1. b3 e5 2. Bb2 Nc6 3. e3 Nf6 4. Bb5 Bd6 5. Ne2 O-O 6. Bxc6 dxc6 7. Nbc3 e4 8. Ng3 Re8 9. f3 exf3 10. Qxf3 Be5 11. O-O Qxd2 12. Nce4 Qd8 13. Rad1 Qe7 14. Bxe5 Qxe5 15. Nxf6+ Qxf6 16. Qxf6 gxf6 17. Nh5 Rf8 18. Nxf6+ Kg7 19. e4 Be6 20. Rd3 Rh8 21. Rg3+ Kf8 22. Rd1 Ke7 23. Rf3 a5 24. a3 h6 25. Kf2 Rad8 26. Ke1 Rxd1+ 27. Kxd1 Kd6 28. Kd2 Ke5 29. Ke3 Rd8 30. Rf1 c5 31. Nh5 Rd4 32. Ng3 a4 33. Rb1 b6 34. h3 axb3 35. cxb3 c4 36. bxc4 Bxc4 37. Rc1 Rd3+ 38. Kf2 b5 39. Rc2 Rxa3 40. Nh5 Kxe4 41. Rb2 Ra2 0-1


[Site "https://www.chess.com"]

[Event "Titled Tuesday Blitz May 18 2021"]
[White "Timmermans, Mark"]
[Black "Dvirnyy, Danyyil"]
[WhiteFideId "1026399"]
[BlackFideId "817570"]
[WhiteElo "2460"]
[BlackElo "2531"]
[Result "1-0"]
[Round "10"]
[TimeControl "180+1"]
[Date "2021.05.18"]
[WhiteClock "0:00:49"]
[BlackClock "0:00:03"]

1. b4 e5 2. Bb2 Bxb4 3. Bxe5 Nf6 4. Nc3 O-O 5. Bxf6 Qxf6 6. Nd5 Qd6 7. c4 Ba5 8. e3 c6 9. Nf4 Re8 10. Be2 Na6 11. Nf3 Nc5 12. O-O Ne4 13. Bd3 Bc7 14. Qc2 Qe7 15. Nh5 d5 16. cxd5 cxd5 17. Ng3 Bd6 18. Nd4 g6 19. Nxe4 dxe4 20. Bc4 Bd7 21. Qb3 b5 22. Bd5 Rac8 23. f3 Kg7 24. fxe4 f6 25. Rf2 Be5 26. Raf1 Bxd4 27. exd4 Rf8 28. e5 f5 29. e6 Be8 30. Qg3 Rd8 31. Rxf5 Rxf5 32. Rxf5 Qd6 33. Re5 Qb4 34. Qe3 Qe7 35. g3 a5 36. h4 a4 37. h5 h6 38. Be4 g5 39. g4 b4 40. d5 b3 41. axb3 a3 42. Bb1 Ra8 43. Qe4 Kg8 44. d6 Qa7+ 45. d4 Bc6 46. Qg6+ Qg7 47. d5 Qxg6 48. hxg6 Bb5 49. d7 Kg7 50. Ba2 Kxg6 51. Kf2 Kf6 52. Rf5+ Ke7 53. Ke3 Kd6 54. Kd4 Be2 55. Rf6 Bxg4 56. Rxh6 Bf5 57. Rh5 Bc2 58. Rxg5 Rb8 59. Rg3 Bd1 60. Rc3 Bf3 61. Rc8 Rb4+ 62. Kc3 1-0


[Site "https://www.chess.com"]

[Event "Titled Tuesday Blitz May 18 2021"]
[White "Triapishko, Alexandr"]
[Black "Krivonosov, Oleg"]
[WhiteFideId "14122286"]
[BlackFideId "11600349"]
[WhiteElo "2490"]
[BlackElo "2469"]
[Result "1-0"]
[Round "10"]
[TimeControl "180+1"]
[Date "2021.05.18"]
[WhiteClock "0:00:35"]
[BlackClock "0:00:31"]

1. c4 e6 2. Nf3 d5 3. d4 Nf6 4. g3 Be7 5. Bg2 O-O 6. O-O Nbd7 7. Nc3 dxc4 8. e4 b5 9. Ne5 Bb7 10. Nxb5 Nxe4 11. Bf4 Nxe5 12. Bxe5 Nd6 13. Bxd6 cxd6 14. Bxb7 Rb8 15. Bc6 Qb6 16. d5 a6 17. Na3 Qc5 18. Rc1 Rxb2 19. Nxc4 Rxa2 20. Qf3 exd5 21. Bxd5 Bf6 22. Nxd6 Ra3 23. Rxc5 1-0


[Site "https://www.chess.com"]

[Event "Titled Tuesday Blitz May 18 2021"]
[White "Van Foreest, Jorden"]
[Black "Sasikiran, Krishnan"]
[WhiteFideId "1039784"]
[BlackFideId "5004985"]
[WhiteElo "2622"]
[BlackElo "2552"]
[Result "0-1"]
[Round "10"]
[TimeControl "180+1"]
[Date "2021.05.18"]
[WhiteClock "0:00:01"]
[BlackClock "0:00:47"]

1. e4 c5 2. Nf3 d6 3. d4 cxd4 4. Nxd4 Nf6 5. Bd3 e5 6. Ne2 d5 7. exd5 Qxd5 8. O-O Be7 9. Nbc3 Qd8 10. Ng3 O-O 11. Bg5 Nc6 12. Bxf6 Bxf6 13. Nd5 Be6 14. Be4 Bg5 15. Ne3 g6 16. Bd5 Bd7 17. Ne4 Be7 18. Nc4 Kg7 19. Re1 Qc7 20. Qd2 Rad8 21. Qc3 Bb4 22. Qg3 Bxe1 23. Rxe1 Bf5 24. Ne3 Bxe4 25. Bxe4 Kh8 26. Bxc6 bxc6 27. Nc4 f6 28. c3 Qd7 29. Qe3 Qd3 30. Qc5 Qd5 31. Qb4 Qb5 32. Qb3 Rb8 33. Ra1 Rfd8 34. h3 a5 35. Qxb5 Rxb5 36. a4 Rc5 37. Ne3 Rb8 38. Ra2 f5 39. Kf1 e4 40. Ke2 Kg7 41. Nc2 Rd5 42. b4 Rd3 43. bxa5 Rxc3 44. Nd4 Ra8 45. a6 Rxa6 46. Ne6+ Kf6 47. Nf4 Rc4 48. a5 Rc5 49. Rd2 Rcxa5 50. Rd7 Ra2+ 51. Ke1 Rc2 0-1


[Site "https://www.chess.com"]

[Event "Titled Tuesday Blitz May 18 2021"]
[White "Visakh N R"]
[Black "Andreikin, Dmitry"]
[WhiteFideId "25012223"]
[BlackFideId "4158814"]
[WhiteElo "2428"]
[BlackElo "2782"]
[Result "1-0"]
[Round "10"]
[TimeControl "180+1"]
[Date "2021.05.18"]
[WhiteClock "0:00:39"]
[BlackClock "0:00:01"]

1. e4 c5 2. Nf3 e6 3. d4 cxd4 4. Nxd4 Nc6 5. Nxc6 bxc6 6. Bd3 Nf6 7. O-O d5 8. Nd2 Bd6 9. Qe2 Qc7 10. Nf3 dxe4 11. Bxe4 O-O 12. Bd3 c5 13. Bg5 Nd5 14. c4 Nb6 15. Rad1 Bb7 16. Be4 Be7 17. Bxe7 Qxe7 18. Ne5 Rad8 19. b3 f6 20. Bxb7 Qxb7 21. Nd3 Qc6 22. Qe3 Nd7 23. Rd2 e5 24. Rfd1 Qc7 25. h4 Rc8 26. Nf4 Rf7 27. Ne6 Qb7 28. Rd6 h6 29. Qd2 Nf8 30. Nd8 Rxd8 31. Rxd8 Qe4 32. Qd5 Qxd5 33. R1xd5 Kh7 34. R8d6 Ng6 35. g3 e4 36. Rxc5 Ne5 37. Re6 Nf3+ 38. Kg2 f5 39. h5 Nd4 40. Ree5 Nc2 41. Rxf5 Rd7 42. Rcd5 Rc7 43. Rf4 1-0


[Site "https://www.chess.com"]

[Event "Titled Tuesday Blitz May 18 2021"]
[White "Vujnovic, Patricija"]
[Black "ViditYT"]
[WhiteFideId "14502313"]
[WhiteElo "2107"]
[BlackElo "2927"]
[Result "0-1"]
[Round "10"]
[TimeControl "180+1"]
[Date "2021.05.18"]
[WhiteClock "0:00:04"]
[BlackClock "0:00:51"]

1. d4 d6 2. e4 Nf6 3. Nc3 e5 4. Nf3 Nbd7 5. Bc4 Be7 6. a4 O-O 7. O-O h6 8. h3 Re8 9. Re1 Bf8 10. Be3 a5 11. Ba2 b6 12. dxe5 dxe5 13. Nd5 Bb7 14. Qd3 Nc5 15. Bxc5 Bxc5 16. Rad1 c6 17. Nxf6+ Qxf6 18. Bc4 Rad8 19. Qb3 Kf8 20. c3 Bc8 21. Rxd8 Rxd8 22. Rd1 Re8 23. Rd3 g5 24. Qc2 h5 25. Qd2 g4 26. hxg4 hxg4 27. Ng5 Kg7 28. Bxf7 Rf8 29. b4 axb4 30. cxb4 Bxf2+ 31. Qxf2 Qxg5 32. Qxb6 Rxf7 33. Qxc6 Bb7 34. Qc3 Qf4 35. Rg3 Kg6 0-1


[Site "https://www.chess.com"]

[Event "Titled Tuesday Blitz May 18 2021"]
[White "dropstoneDP"]
[Black "Sjugirov, Sanan"]
[BlackFideId "4189302"]
[WhiteElo "2915"]
[BlackElo "2472"]
[Result "1-0"]
[Round "10"]
[TimeControl "180+1"]
[Date "2021.05.18"]
[WhiteClock "0:00:18"]
[BlackClock "0:00:03"]

1. Nf3 d5 2. b3 c5 3. e3 Nf6 4. Bb2 g6 5. c4 dxc4 6. Bxc4 Bg7 7. O-O O-O 8. d4 cxd4 9. Nxd4 Bd7 10. Nd2 Nc6 11. N2f3 Qa5 12. Qe1 Qxe1 13. Rfxe1 Rfd8 14. Rad1 Nxd4 15. Bxd4 Be8 16. h3 Ne4 17. Bxg7 Kxg7 18. Rd4 Nd6 19. Red1 Rdc8 20. Bd5 Rc7 21. Ne5 Rac8 22. Bf3 b6 23. R4d2 Rc1 24. Rxc1 Rxc1+ 25. Kh2 a5 26. Nd3 Rc8 27. Nf4 b5 28. Nd5 Kf8 29. e4 b4 30. Ne3 f6 31. Rd5 a4 32. bxa4 Bxa4 33. Ra5 Be8 34. e5 fxe5 35. Rxe5 Bf7 36. Bd5 Rc5 37. f4 Nf5 38. Bxf7 Rxe5 39. fxe5 Nxe3 40. Bb3 Nf5 41. g4 Nd4 42. Kg3 g5 43. Bd5 e6 44. Be4 h6 45. Kf2 Nb5 46. Bd3 Nc3 47. Bc4 Ke7 48. Ke3 Nd1+ 49. Ke2 Nc3+ 50. Kd3 Kd7 51. Kd4 1-0


[Site "https://www.chess.com"]

[Event "Titled Tuesday Blitz May 18 2021"]
[White "Abdrlauf, Elham"]
[Black "Costachi, Mihnea"]
[WhiteFideId "1533533"]
[BlackFideId "1217518"]
[WhiteElo "2326"]
[BlackElo "2479"]
[Result "1-0"]
[Round "11"]
[TimeControl "180+1"]
[Date "2021.05.18"]
[WhiteClock "0:02:47"]
[BlackClock "0:02:39"]

1. e4 e5 2. Nc3 Nf6 3. Bc4 Bc5 4. d3 d6 5. f4 Nc6 6. Nf3 Bg4 7. Na4 Bd4 8. c3 Bb6 9. Nxb6 axb6 10. O-O exf4 11. Bxf4 Ne5 12. Bxe5 Bxf3 13. Bxf6 Qxf6 14. Rxf3 Qh4 15. Bxf7+ Kd7 16. Bb3 Rhf8 17. Qf1 Qe7 18. Rf7 Rxf7 19. Qxf7 Qxf7 20. Bxf7 Rf8 21. Rf1 Rxf7 22. Rxf7+ 1-0


[Site "https://www.chess.com"]

[Event "Titled Tuesday Blitz May 18 2021"]
[White "Abdusattorov, Nodirbek"]
[Black "Baklan, Vladimir"]
[WhiteFideId "14204118"]
[BlackFideId "14102196"]
[WhiteElo "2662"]
[BlackElo "2596"]
[Result "1-0"]
[Round "11"]
[TimeControl "180+1"]
[Date "2021.05.18"]
[WhiteClock "0:01:09"]
[BlackClock "0:01:15"]

1. d4 Nf6 2. c4 g6 3. g3 Bg7 4. Bg2 c5 5. Nf3 Qa5+ 6. Nbd2 cxd4 7. Nxd4 Nc6 8. Nb5 d5 9. Nc3 d4 10. Nd5 e6 11. Nxf6+ Bxf6 12. O-O O-O 13. Ne4 Bg7 14. Bd2 Qc7 15. b4 a5 16. b5 Ne7 17. c5 Nd5 18. Rc1 Bd7 19. a4 f5 20. Nd6 b6 21. Bxd5 exd5 22. Qb3 Be6 23. Qa3 Rfd8 24. cxb6 Qxd6 25. Qxd6 Rxd6 26. b7 Rb8 27. Bf4 Bf8 28. Bxd6 Bxd6 29. Rc6 Bb4 30. Rxe6 Rxb7 31. Rc1 Bc3 32. e3 Kf7 33. Rc6 1-0


[Site "https://www.chess.com"]

[Event "Titled Tuesday Blitz May 18 2021"]
[White "Alekseenko, Kirill"]
[Black "Le, Tuan Minh"]
[WhiteFideId "4135539"]
[BlackFideId "12401153"]
[WhiteElo "2580"]
[BlackElo "2450"]
[Result "0-1"]
[Round "11"]
[TimeControl "180+1"]
[Date "2021.05.18"]
[WhiteClock "0:00:10"]
[BlackClock "0:00:24"]

1. e4 c5 2. Nf3 Nf6 3. e5 Nd5 4. Nc3 e6 5. Ne4 f5 6. Nc3 Ne7 7. h4 Nbc6 8. h5 a6 9. a4 Qc7 10. Be2 Nxe5 11. d4 cxd4 12. Qxd4 N7c6 13. Qh4 Be7 14. Bg5 Nxf3+ 15. gxf3 Qd8 16. f4 Bxg5 17. fxg5 d5 18. f4 d4 19. Nd1 O-O 20. Nf2 Qa5+ 21. Kf1 Nb4 22. Bd3 Bd7 23. g6 h6 24. Qe7 Rad8 25. Rh3 Nd5 26. Qd6 Qd2 27. Rf3 Bc6 28. Qxe6+ Kh8 29. Re1 Nxf4 30. Rxf4 Qxf4 31. Qb3 Qg3 32. Re7 Rde8 33. Re2 Rxe2 34. Bxe2 Qg2+ 35. Ke1 Qg1+ 36. Kd2 Qxf2 37. Qb4 Re8 0-1


[Site "https://www.chess.com"]

[Event "Titled Tuesday Blitz May 18 2021"]
[White "Andreikin, Dmitry"]
[Black "Lysyj, Igor"]
[WhiteFideId "4158814"]
[BlackFideId "4150120"]
[WhiteElo "2782"]
[BlackElo "2660"]
[Result "1/2-1/2"]
[Round "11"]
[TimeControl "180+1"]
[Date "2021.05.18"]
[WhiteClock "0:00:07"]
[BlackClock "0:00:15"]

1. Nf3 Nf6 2. b3 b6 3. Bb2 Bb7 4. g3 e6 5. Bg2 Be7 6. O-O O-O 7. c4 c5 8. d4 cxd4 9. Qxd4 d6 10. Nc3 a6 11. Rad1 Nbd7 12. Nh4 Bxg2 13. Nxg2 Qc7 14. Ne4 Rfd8 15. Ne3 Qc6 16. Nxf6+ Bxf6 17. Qd2 Bxb2 18. Qxb2 b5 19. Rd4 bxc4 20. Rxc4 Qb7 21. Rfc1 Nc5 22. Rg4 g6 23. Rgc4 f5 24. Qf6 Qg7 25. Qxg7+ Kxg7 26. b4 Nd7 27. Rc7 Kf6 28. Nc4 d5 29. Na5 Ne5 30. Rxh7 Rdc8 31. Rhc7 Rxc7 32. Rxc7 g5 33. a4 g4 34. Kg2 Rb8 35. Nb7 Nc4 36. a5 e5 37. h3 gxh3+ 38. Kxh3 e4 39. Kg2 Ne5 40. Nc5 Rxb4 41. Ra7 Rb5 42. Rxa6+ Kf7 43. Ne6 Nc4 44. Nd4 Rxa5 45. Rxa5 Nxa5 46. Nxf5 Nc6 47. g4 Kf6 48. Kg3 Ke5 49. f4+ exf3 50. exf3 d4 51. f4+ Ke4 52. Nd6+ Ke3 53. Nc4+ Ke2 54. g5 d3 55. g6 Ne7 56. g7 Nf5+ 57. Kg4 Nxg7 58. f5 Nxf5 59. Kxf5 d2 60. Nxd2 1/2-1/2


[Site "https://www.chess.com"]

[Event "Titled Tuesday Blitz May 18 2021"]
[White "Asis Gargatagli, Hipolito"]
[Black "Nakamura, Hikaru"]
[WhiteFideId "2260735"]
[BlackFideId "2016192"]
[WhiteElo "2557"]
[BlackElo "2900"]
[Result "0-1"]
[Round "11"]
[TimeControl "180+1"]
[Date "2021.05.18"]
[WhiteClock "0:02:07"]
[BlackClock "0:02:24"]

1. e4 g6 2. d4 Bg7 3. Nc3 c6 4. Be3 d5 5. f3 b5 6. Qd2 h5 7. Bd3 a6 8. Nge2 Nf6 9. e5 Ng8 10. O-O-O Nh6 11. Kb1 Nf5 12. Bf2 Bh6 13. f4 Nd7 14. h3 h4 15. Bxf5 gxf5 16. Bxh4 Nb6 17. Qd3 b4 0-1


[Site "https://www.chess.com"]

[Event "Titled Tuesday Blitz May 18 2021"]
[White "Bortnyk, Olexandr"]
[Black "Nesterov, Arseniy"]
[WhiteFideId "14120828"]
[BlackFideId "24198455"]
[WhiteElo "2723"]
[BlackElo "2441"]
[Result "1-0"]
[Round "11"]
[TimeControl "180+1"]
[Date "2021.05.18"]
[WhiteClock "0:00:04"]
[BlackClock "0:00:01"]

1. e4 e5 2. Bc4 Nc6 3. d3 Nf6 4. Nc3 Na5 5. Bg5 Nxc4 6. dxc4 Be7 7. Qd3 d6 8. Nge2 O-O 9. Bxf6 Bxf6 10. O-O-O a6 11. Nd5 b5 12. c5 dxc5 13. Qc3 Bg5+ 14. Kb1 c6 15. h4 Bh6 16. Nb4 Qb6 17. Nd3 c4 18. Nxe5 Qxf2 19. Nd4 c5 20. Ndc6 Be6 21. g4 b4 22. Qh3 c3 23. Rhf1 Qe3 24. Qh2 cxb2 25. Nd3 Qxe4 26. Na5 c4 27. Nc5 Qxg4 28. Nc6 c3 29. Nb3 a5 30. Ncxa5 Bxb3 31. Nxb3 Rxa2 32. Kxa2 Ra8+ 33. Kb1 Qc4 34. Qd6 g6 35. Qd5 Qa6 36. Qxf7+ Kh8 37. Qf6+ 1-0


[Site "https://www.chess.com"]

[Event "Titled Tuesday Blitz May 18 2021"]
[White "Cunjalo, Faris"]
[Black "Moultino06"]
[WhiteFideId "14410710"]
[WhiteElo "2234"]
[BlackElo "2716"]
[Result "1-0"]
[Round "11"]
[TimeControl "180+1"]
[Date "2021.05.18"]
[WhiteClock "0:00:54"]
[BlackClock "0:00:04"]

1. c4 e6 2. d4 b6 3. Nc3 Bb7 4. a3 Nf6 5. Nf3 g6 6. Qc2 Bg7 7. e4 d5 8. cxd5 exd5 9. e5 Ne4 10. Bb5+ Nd7 11. Nxe4 dxe4 12. Bg5 Qc8 13. Nd2 O-O 14. Nxe4 Nb8 15. Nf6+ Kh8 16. O-O c5 17. dxc5 Qxc5 18. Qxc5 bxc5 19. Rac1 Rc8 20. Rfd1 h6 21. Rxc5 Na6 22. Rxc8+ Rxc8 23. Be3 Nc7 24. Bc4 Bxf6 25. exf6 Nd5 26. Bxd5 Bxd5 27. Rxd5 1-0


[Site "https://www.chess.com"]

[Event "Titled Tuesday Blitz May 18 2021"]
[White "Dubov, Daniil"]
[Black "Goltsev, Dmitry"]
[WhiteFideId "24126055"]
[BlackFideId "24176710"]
[WhiteElo "2722"]
[BlackElo "2366"]
[Result "1-0"]
[Round "11"]
[TimeControl "180+1"]
[Date "2021.05.18"]
[WhiteClock "0:02:35"]
[BlackClock "0:00:39"]

1. e4 c5 2. Nc3 e6 3. Nf3 Nc6 4. d3 d5 5. g3 d4 6. Ne2 Bd6 7. Bg2 Nge7 8. O-O O-O 9. Nd2 e5 10. f4 f6 11. f5 g6 12. g4 g5 13. Ng3 h6 14. Nf3 Kf7 15. h4 Ke8 16. hxg5 hxg5 17. Nxg5 fxg5 18. Bxg5 Kd7 19. Bh4 Kc7 20. g5 Ng8 21. Qh5 Nb4 22. Rf2 Bd7 23. a3 Nc6 24. Raf1 b5 25. g6 Nf6 26. Qe2 Be7 27. Bg5 Rh8 28. Bf3 Qg8 29. Rh2 Rxh2 30. Qxh2 Qg7 31. Qh6 Qxh6 32. Bxh6 Rh8 33. Bg5 Kd6 34. Kg2 c4 35. Rh1 Rxh1 36. Nxh1 a5 37. Nf2 c3 38. b3 a4 39. bxa4 bxa4 40. Kg3 Be8 41. Kh4 Na7 42. Ng4 Nxg4 43. Bxg4 Nb5 44. Bxe7+ Kxe7 45. Kg5 Kf8 46. Kh6 Nxa3 47. g7+ Kg8 48. f6 Nxc2 49. Be6+ 1-0


[Site "https://www.chess.com"]

[Event "Titled Tuesday Blitz May 18 2021"]
[White "Fernandez, Daniel Howard"]
[Black "Chigaev, Maksim"]
[WhiteFideId "5801605"]
[BlackFideId "4108116"]
[WhiteElo "2468"]
[BlackElo "2646"]
[Result "0-1"]
[Round "11"]
[TimeControl "180+1"]
[Date "2021.05.18"]
[WhiteClock "0:00:59"]
[BlackClock "0:01:56"]

1. c4 g6 2. g3 Bg7 3. Bg2 c5 4. Nc3 Nc6 5. e4 d6 6. Nge2 Nf6 7. d3 O-O 8. O-O Nd4 9. h3 a6 10. Be3 Nd7 11. a4 Rb8 12. Rb1 b6 13. f4 Bb7 14. f5 e6 15. fxe6 Nxe6 16. Qd2 Ne5 17. Nf4 Bc6 18. b3 b5 19. axb5 axb5 20. Ncd5 bxc4 21. bxc4 Rxb1 22. Rxb1 Bxd5 23. Nxd5 h5 24. Rb6 h4 25. gxh4 Qxh4 26. Rxd6 Nf3+ 27. Bxf3 Qg3+ 28. Qg2 Qxd6 29. h4 Bd4 30. Bxd4 Nxd4 31. h5 Kg7 32. Bg4 Qe5 33. hxg6 fxg6 0-1


[Site "https://www.chess.com"]

[Event "Titled Tuesday Blitz May 18 2021"]
[White "Hansen, Eric"]
[Black "Diaz Camallonga, Carles"]
[WhiteFideId "2606771"]
[BlackFideId "22235256"]
[WhiteElo "2568"]
[BlackElo "2438"]
[Result "0-1"]
[Round "11"]
[TimeControl "180+1"]
[Date "2021.05.18"]
[WhiteClock "0:00:07"]
[BlackClock "0:00:19"]

1. e4 e6 2. d4 d5 3. Nc3 Bb4 4. e5 c5 5. a3 Bxc3+ 6. bxc3 Qa5 7. Bd2 Qa4 8. Qb1 c4 9. Nf3 Nc6 10. Be2 Bd7 11. O-O O-O-O 12. h4 f6 13. Bf4 Be8 14. Re1 Bg6 15. Bf1 Bxc2 16. Qc1 Bf5 17. Bh2 h5 18. Qf4 Rd7 19. exf6 gxf6 20. Nd2 Nge7 21. Be2 Qa5 22. Qe3 Ng6 23. Bg3 Qd8 24. a4 Qf8 25. a5 Qh6 26. Qxh6 Rxh6 27. Nf1 Nge7 28. Bf4 Rh8 29. Ng3 Bg6 30. Bf3 Nd8 31. Ra4 Nf5 32. Nxf5 Bxf5 33. Rea1 Nc6 34. Bg3 Bg4 35. Bxg4 hxg4 36. Re1 Re7 37. Ra2 e5 38. a6 b6 39. dxe5 fxe5 40. Rd2 Rd8 41. h5 Rh7 42. Bxe5 Re7 43. Rde2 Rde8 44. h6 Rxe5 45. Rxe5 Rxe5 46. Rd1 Rh5 47. h7 Ne7 48. Re1 Kd7 49. Re3 Rxh7 50. f3 gxf3 51. Rxf3 Rh6 52. Kf2 b5 53. g4 Rxa6 54. Rf7 Rg6 55. Kf3 Ke6 56. Rh7 a5 57. Kf4 Rf6+ 58. Ke3 Kd6 59. Rh8 Re6+ 60. Kd2 Nc6 61. g5 Rg6 62. Rh5 Kc5 63. Ke3 b4 64. cxb4+ axb4 65. Kf4 b3 66. Kf5 Rg8 67. Rh1 c3 68. g6 c2 69. Kf6 b2 70. Kf7 Rxg6 71. Kxg6 c1=Q 72. Rxc1+ bxc1=Q 0-1


[Site "https://www.chess.com"]

[Event "Titled Tuesday Blitz May 18 2021"]
[White "Indjic, Aleksandar"]
[Black "Oparin, Grigoriy"]
[WhiteFideId "911925"]
[BlackFideId "24125890"]
[WhiteElo "2643"]
[BlackElo "2628"]
[Result "1-0"]
[Round "11"]
[TimeControl "180+1"]
[Date "2021.05.18"]
[WhiteClock "0:00:21"]
[BlackClock "0:00:01"]

1. d4 d5 2. Nf3 Nf6 3. Bf4 e6 4. e3 Bd6 5. Nbd2 O-O 6. Bd3 c5 7. dxc5 Bxf4 8. exf4 Qc7 9. g3 a5 10. O-O Nbd7 11. Nb3 a4 12. Nbd4 Nxc5 13. a3 b6 14. Re1 Ba6 15. Rc1 Rfe8 16. Bxa6 Rxa6 17. Kg2 Nce4 18. Ne5 Nd6 19. Qd3 Raa8 20. Re2 Nfe4 21. f3 Nc5 22. Qc3 Rac8 23. Rce1 b5 24. h4 Qb7 25. Qb4 h6 26. Nd3 Qb6 27. Nxc5 Rxc5 28. b3 Rcc8 29. h5 Red8 30. g4 Qc5 31. Qxc5 Rxc5 32. f5 exf5 33. gxf5 axb3 34. cxb3 Rc3 35. Re3 Rxe3 36. Rxe3 Ra8 37. Re7 Rxa3 38. Rd7 Ra6 39. f6 gxf6 40. Rd8+ Kh7 41. Kg3 b4 42. Rb8 Kg7 43. Kf4 f5 44. Ke5 f6+ 45. Kxd5 f4 46. Rxb4 Nf7 47. Rb7 Rd6+ 48. Kc5 Ra6 49. b4 f5 50. b5 Ra3 51. b6 Kf6 52. Rxf7+ Kxf7 53. b7 Rc3+ 54. Kb4 Rd3 55. Nc6 Rd1 56. Kb5 Rd5+ 57. Kc4 Rd6 58. Kc5 1-0


[Site "https://www.chess.com"]

[Event "Titled Tuesday Blitz May 18 2021"]
[White "Ivanisevic, Ivan"]
[Black "Grandelius, Nils"]
[WhiteFideId "912417"]
[BlackFideId "1710400"]
[WhiteElo "2499"]
[BlackElo "2651"]
[Result "1/2-1/2"]
[Round "11"]
[TimeControl "180+1"]
[Date "2021.05.18"]
[WhiteClock "0:00:39"]
[BlackClock "0:00:28"]

1. d4 d5 2. c4 e6 3. Nf3 a6 4. cxd5 exd5 5. Nc3 h6 6. g3 Nf6 7. Bg2 Be7 8. O-O O-O 9. Bf4 c6 10. Qc2 a5 11. Rad1 Na6 12. Ne5 Be6 13. h3 Re8 14. g4 Rc8 15. e3 c5 16. Bg3 Nb4 17. Qe2 cxd4 18. exd4 Ne4 19. Nxe4 dxe4 20. Qxe4 Bd5 21. Qf5 Bf6 22. a3 Bxg2 23. Kxg2 Nd5 24. Nd7 Re7 25. Nxf6+ Nxf6 26. d5 Rc5 27. Bh4 Rd7 28. Bxf6 gxf6 29. Rfe1 Rcxd5 30. Rxd5 Rxd5 31. Re8+ Qxe8 32. Qxd5 b6 1/2-1/2


[Site "https://www.chess.com"]

[Event "Titled Tuesday Blitz May 18 2021"]
[White "Kamsky, Gata"]
[Black "Sadovsky, Artem"]
[WhiteFideId "2000024"]
[BlackFideId "4155840"]
[WhiteElo "2644"]
[BlackElo "2476"]
[Result "1-0"]
[Round "11"]
[TimeControl "180+1"]
[Date "2021.05.18"]
[WhiteClock "0:00:12"]
[BlackClock "0:00:23"]

1. e4 g6 2. h4 Bg7 3. h5 d5 4. exd5 Qxd5 5. Nc3 Qe5+ 6. Be2 Bg4 7. d4 Bxe2 8. Ngxe2 Qa5 9. h6 Bf6 10. Qd3 Nc6 11. Bd2 O-O-O 12. Ne4 Qd5 13. c4 Ne5 14. Qh3+ Qd7 15. dxe5 Bxe5 16. Qxd7+ Rxd7 17. Bc3 Bxc3+ 18. N2xc3 f5 19. Ng5 Nf6 20. f3 Rhd8 21. Nf7 Re8 22. Ne5 Rd6 23. O-O Ng8 24. Nf7 Rf6 25. Ng5 Nxh6 26. Rad1 Nf7 27. Nxf7 Rxf7 28. Kf2 e5 29. Ke3 c6 30. c5 Rd8 31. Rxd8+ Kxd8 32. Rd1+ Rd7 33. Rxd7+ Kxd7 34. g3 Ke6 35. f4 exf4+ 36. gxf4 h6 37. Kd4 g5 38. Ne2 Kf6 39. b4 h5 40. Ke3 g4 41. Nd4 h4 42. Kf2 a6 43. a4 h3 44. Kg3 Kg6 45. b5 axb5 46. axb5 cxb5 47. Nxb5 Kf6 48. Nd6 Ke6 49. Nxb7 Kd5 50. Nd6 Kxc5 51. Nxf5 Kd5 52. Kxg4 Ke4 53. Ng3+ Ke3 54. f5 h2 55. f6 Kf2 56. f7 Kg2 57. f8=Q h1=Q 1-0


[Site "https://www.chess.com"]

[Event "Titled Tuesday Blitz May 18 2021"]
[White "Khusnutdinov, Rustam"]
[Black "Shipov, Sergei"]
[WhiteFideId "13701703"]
[BlackFideId "4113624"]
[WhiteElo "2571"]
[BlackElo "2780"]
[Result "1-0"]
[Round "11"]
[TimeControl "180+1"]
[Date "2021.05.18"]
[WhiteClock "0:00:13"]
[BlackClock "0:00:02"]

1. d4 Nf6 2. c4 c5 3. d5 b5 4. cxb5 a6 5. bxa6 g6 6. Nc3 Bg7 7. e4 d6 8. Bb5+ Nfd7 9. Nf3 Qa5 10. Bd2 Bxa6 11. a4 O-O 12. Ra3 c4 13. O-O Nc5 14. Qc2 Nd3 15. b3 Nb4 16. Qb1 Bxb5 17. Nxb5 N8a6 18. bxc4 Rfc8 19. Rc1 Rc5 20. Rb3 Rac8 21. Rxb4 Nxb4 22. Bxb4 Qxa4 23. Bxc5 Rxc5 24. Qd3 h5 25. h3 Bh6 26. Rc3 Qa1+ 27. Kh2 Bg7 28. Ra3 Qb2 29. Ra8+ Kh7 30. Ng5+ Kh6 31. Nxf7+ Kh7 32. Ng5+ Kh6 33. Qe3 Bf6 34. Ne6+ g5 35. Nxc5 dxc5 36. Ra6 Kg7 37. Re6 Be5+ 38. Rxe5 Qxe5+ 39. Qg3 Qf6 40. h4 g4 41. Nc7 Kf7 42. Ne6 Qb2 43. Qf4+ Kg6 44. Qg5+ Kf7 45. Qxh5+ Kf6 46. Qh8+ Kf7 47. Qxb2 1-0


[Site "https://www.chess.com"]